 Dungeon Crawl Stone Soup version 0.14-a0-3445-g2afddda (webtiles) character file.

8985 MrRokkomies the Conjurer (level 11, -11/74 HPs)
             Began as a Pale Draconian Conjurer on Mar 23, 2014.
             Was an Initiate of Ashenzari.
             Mangled by a hill giant
             ... wielding a +0,+0 giant club
              (35 damage)
             ... on Level 11 of the Dungeon.
             The game lasted 01:03:05 (13715 turns).

MrRokkomies the Conjurer (Pale Draconian Conjurer) Turns: 13715, Time: 01:03:05

HP -11/74        AC 12     Str 10      XL: 11   Next: 11%
MP  10/22        EV 16     Int 20      God: Ashenzari [......]
Gold 443         SH  7     Dex 14      Spells:  6 memorised,  5 levels left

rFire  + . .     SeeInvis .     p - +1,+3 short sword (venom) (curse)
rCold  . . .     Clarity  .     (armour unavailable)
rNeg   . . .     Conserve .     A - +0 buckler
rPois  .         rCorr    .     j - +2 hat (curse)
rElec  .         rRot     .     u - +2 cloak (curse)
SustAb . .       Spirit   .     (no gloves)
rMut   .         Warding  .     (no boots)
Saprov . . .     Stasis   .     (no amulet)
MR     .....                    e - cursed +3 ring of dexterity
                                g - ring of protection from fire

@: not resistant to hostile enchantments, fairly stealthy
A: breathe steam, unfitting armour, AC +7
a: Breathe Steam, Renounce Religion


You were on level 11 of the Dungeon.
You worshipped Ashenzari.
Ashenzari was noncommittal.
You were not hungry.

You visited 2 branches of the dungeon, and saw 12 of its levels.
You also visited: Sewer.

You collected 443 gold pieces.

Inventory:

Hand weapons
 p - a cursed +1,+3 short sword of venom (weapon)
 q - a +0,+0 scythe of dragon slaying
 I - a +0,+1 crossbow
 M - a +2,+1 flail of distortion
 O - a +2,+2 war axe of flaming
 P - a +0 blowgun
 U - the +6 blowgun of Wyrd {evade, rElec Int-3}
   (You found it on level 10 of the Dungeon)

   It affects your evasion (+5 to EV).
   It affects your intelligence (-3).
   It insulates you from electricity.
Missiles
 t - 73 poisoned needles
 y - 15 bolts of frost
 F - 12 exploding darts (quivered)
 J - 32 bolts
Armour
 j - a cursed +2 hat (worn)
 u - a cursed +2 cloak (worn)
 A - a +0 buckler (worn)
Magical devices
 f - a wand of magic darts (8)
 H - a wand of confusion (7)
 S - a wand of magic darts (11)
Comestibles
 b - 4 bread rations
 Q - 5 honeycombs
 R - 2 royal jellies
 V - 3 rotting chunks of worker ant flesh
 W - a meat ration
Scrolls
 h - a scroll of remove curse
 l - 2 scrolls of immolation
 m - 2 scrolls of blinking
 n - 5 scrolls of recharging
 s - a scroll of identify
 v - 2 scrolls of magic mapping
 z - 2 scrolls of teleportation
 K - 2 scrolls of enchant weapon I
 L - a scroll of amnesia {unknown}
 T - a scroll of curse weapon
Jewellery
 e - a cursed +3 ring of dexterity (right hand)
 g - a ring of protection from fire (left hand)
 N - an uncursed ring of flight
Potions
 a - a potion of magic
 d - 2 potions of curing
 i - a potion of mutation
 o - a potion of degeneration {unknown}
 r - a potion of might {unknown}
 w - a potion of lignification {unknown}
 B - a potion of brilliance {unknown}
 C - 5 potions of heal wounds
 D - a potion of beneficial mutation {unknown}
 E - a potion of poison {unknown}
Books
 c - a book of Conjurations

   Spells                             Type                      Level
   *Magic Dart                        Conjuration                  1
   *Searing Ray                       Conjuration                  2
   *Dazzling Spray                    Conjuration/Hexes            3
   Fulminant Prism                    Conjuration/Hexes            4
   *Iskenderun's Mystic Blast         Conjuration                  4
   Iskenderun's Battlesphere          Conjuration/Charms           5
 k - a book of Air

   Spells                             Type                      Level
   Shock                              Conjuration/Air              1
   *Swiftness                         Charms/Air                   2
   *Repel Missiles                    Charms/Air                   2
   Flight                             Charms/Air                   3
   Static Discharge                   Conjuration/Air              3
   Lightning Bolt                     Conjuration/Air              5
 x - a book of Callings

   Spells                             Type                      Level
   Summon Small Mammal                Summoning                    1
   Call Imp                           Summoning                    2
   Call Canine Familiar               Summoning                    3
   Summon Guardian Golem              Hexes/Summoning              4
   Summon Lightning Spire             Summoning/Air                4
   Summon Ice Beast                   Ice/Summoning                4
 G - a book of the Warp

   Spells                             Type                      Level
   Control Teleport                   Charms/Translocation         4
   Phase Shift                        Translocation                5
   Warp Weapon                        Charms/Translocation         5
   Summon Forest                      Summoning/Translocation      5
   Dispersal                          Translocation                6
   Controlled Blink                   Translocation                7
   Disjunction                        Translocation                8


   Skills:
 - Level 9.0 Dodging
 - Level 1.7 Stealth
 * Level 4.5 Spellcasting
 + Level 12.4 Conjurations
 - Level 7.0 Air Magic


You had 5 spell levels left.
You knew the following spells:

 Your Spells              Type           Power        Failure   Level  Hunger
a - Magic Dart            Conj           ####         1%          1    None
b - Searing Ray           Conj           ######       1%          2    #......
c - Dazzling Spray        Conj/Hex       ####....     4%          3    ###....
d - Iskenderun's Mystic   Conj           ######..     1%          4    ####...
e - Swiftness             Chrm/Air       ###.....     6%          2    #......
f - Repel Missiles        Chrm/Air       ###...       6%          2    #......


Dungeon Overview and Level Annotations

Branches:
Dungeon (11/15)            Temple (1/1) D:4
    Orc: D:9-12        Lair: D:8-11

Altars:
Ashenzari
Cheibriados
Dithmenos
Elyvilon
Fedhas
Kikubaaqudgha
Makhleb
Nemelex Xobeh
Okawaru
Sif Muna
Trog
Vehumet
Xom
Yredelemnul
Zin
The Shining One

Shops:
D:10 %

Annotations:
D:5 M4edhros' ghost, average OpCK


Message History

The searing ray hits the gargoyle.
The gargoyle is severely damaged.
The gargoyle hits you with a flail!
The searing ray hits the gargoyle.
The gargoyle is severely damaged.
The searing ray hits the gargoyle.
You destroy the gargoyle!
The searing ray hits the hill giant.
The hill giant is heavily wounded.
The hill giant throws a throwing net.
The throwing net misses you.
You hear the faint creaking of an oriflamme, a long way away.
Casting: Searing Ray
Confirm with . or Enter, or press ? or * to list all spells.
Aiming: Dazzling Spray
Press: ? - help, Shift-Dir - straight line, f - hill giant
Aim: a hill giant, wielding a giant club (heavily wounded)
The spray of energy hits the hill giant.
The hill giant is severely wounded.
The hill giant hits you with a giant club!
You die...

*,* #.##.# *,**,**,,,, #*,*
#.##)# *,**,**,,,,
#..###(...# *,* ,***,,,
#.........# *,**,* *,,,
#.####.##.#**,**,* *,**
*****+***#.##...,, ,,***,,,
*,,,,,,,*#.##.###,,, ,,,,,,
*,,,,,,,##.##.# *,*******,*
*,,,,,,,+.@...# * * ,*
*,,,,,, ##C####**+*** *,*
*,,,,,,,,...,,,,,,,, ****,*
*,,,,,,,.....,,,,,,,+,,,,,*
*,,,,,,.......,,,,,,***** *
*****+##.......,,,,,* *,
,*#........,,,,* *,*
*,*#.......,,,,,* ,* *,
*,...,,,,,,,,* *,


You could see a hill giant.

Vanquished Creatures
  A hill giant (D:10)
  A gargoyle (D:11)
  A feature mimic (D:9)
  A centaur skeleton (D:9)
  A queen bee (D:9)
  A two-headed ogre (D:10)
  2 trolls (D:9)
  Eustachio (D:8)
  Grum (D:8)
  A hill giant skeleton (D:8)
  A soldier ant (D:10)
  2 hippogriffs
  3 hungry ghosts
  4 wolves
  Edmund (D:8)
  A phantom (D:9)
  3 orc warriors
  2 sky beasts
  3 ice beasts
  6 ogres
  2 centaurs
  A black bear (D:10)
  Sigmund (D:4)
  2 big kobolds
  5 giant frogs
  A wyvern skeleton (D:9)
  3 scorpions
  16 killer bees (D:9)
  A troll zombie (D:9)
  4 wights (D:9)
  2 goliath beetles
  A crimson imp (D:6)
  An elf zombie (D:10)
  5 jellies
  3 iguanas
  10 orc wizards
  An elf skeleton (D:10)
  A hound (D:6)
  4 orc priests
  7 worker ants
  Ijyb (D:2)
  A worker ant zombie (D:7)
  3 gnolls (D:5)
  5 green rats
  17 adders
  4 shadow imps
  A giant mite (D:5)
  An inept feature mimic (D:10)
  6 worms
  An adder skeleton (D:7)
  A giant eyeball (D:5)
  2 orc skeletons
  11 giant geckos
  27 orcs
  4 giant cockroaches
  10 goblins
  6 hobgoblins
  5 jackals
  22 kobolds
  8 quokkas
  15 ball pythons
  14 bats
  8 giant newts
  A giant spore (D:10)
  A kobold zombie (D:6)
  35 rats
  5 ballistomycetes
323 creatures vanquished.

Vanquished Creatures (others)
  A giant spore (D:8)
1 creature vanquished.

Grand Total: 324 creatures vanquished

Notes
Turn   | Place    | Note
--------------------------------------------------------------
     0 | D:1      | MrRokkomies, the Draconian Conjurer, began the quest for the Orb.
     0 | D:1      | Reached XP level 1. HP: 14/14 MP: 3/3
   443 | D:1      | Reached XP level 2. HP: 7/20 MP: 4/4
   552 | D:1      | Learned a level 2 spell: Searing Ray
  1249 | D:1      | HP: 1/20 [poisoned by an adder]
  1799 | D:2      | Reached XP level 3. HP: 22/26 MP: 6/6
  1832 | D:2      | Learned a level 3 spell: Dazzling Spray
  2202 | D:2      | Reached skill level 5 in Conjurations
  2368 | D:2      | Noticed Ijyb
  2379 | D:2      | Killed Ijyb
  2379 | D:2      | Reached XP level 4. HP: 29/33 MP: 1/7
  3141 | D:4      | Noticed Sigmund
  3156 | D:4      | Reached XP level 5. HP: 28/38 MP: 7/9
  3262 | D:4      | Killed Sigmund
  3464 | D:4      | Reached XP level 6. HP: 31/45 MP: 10/10
  3530 | D:4      | Noticed an ogre
  3539 | D:4      | Killed an ogre
  3539 | D:4      | Reached skill level 5 in Dodging
  3707 | D:4      | Noticed a hippogriff
  3723 | D:4      | Killed a hippogriff
  4064 | D:4      | Noticed an ogre
  4074 | D:4      | Killed an ogre
  4074 | D:4      | Reached skill level 6 in Dodging
  4074 | D:4      | Your scales start fading to a pale cyan-grey colour.
  4074 | D:4      | Reached XP level 7. HP: 50/50 MP: 6/12
  4140 | D:4      | Learned a level 4 spell: Iskenderun's Mystic Blast
  4631 | D:4      | Found a staircase to the Ecumenical Temple.
  4643 | Temple   | Entered the Ecumenical Temple
  4816 | D:5      | Entered Level 5 of the Dungeon
  5118 | D:5      | Found a glowing drain.
  5122 | Sewer    | Entered a sewer
  5760 | Sewer    | Reached skill level 7 in Dodging
  6392 | D:5      | Noticed M4edhros' ghost (average OpCK)
  6609 | D:6      | Reached XP level 8. HP: 57/57 MP: 2/13
  6982 | D:6      | Reached skill level 8 in Dodging
  7537 | D:6      | Found a basalt altar of Yredelemnul.
  7733 | D:6      | Reached skill level 9 in Dodging
  7978 | D:5      | Found a sparkling altar of Nemelex Xobeh.
  7984 | D:5      | Found a burning altar of Makhleb.
  7985 | D:5      | Found a deep blue altar of Sif Muna.
  7986 | D:5      | Found a shimmering altar of Xom.
  8338 | D:6      | Learned a level 2 spell: Swiftness
  8681 | D:6      | Reached XP level 9. HP: 60/62 MP: 8/18
  8797 | D:6      | Learned a level 2 spell: Repel Missiles
  8993 | D:7      | Reached skill level 1 in Air Magic
  9259 | D:8      | Noticed Grum
  9580 | D:8      | Killed Grum
 10064 | D:8      | Noticed Edmund
 10230 | D:8      | Killed Edmund
 10287 | D:8      | Noticed Eustachio
 10307 | D:8      | Killed Eustachio
 10778 | D:8      | Reached XP level 10. HP: 69/69 MP: 7/20
 11120 | D:9      | Reached skill level 5 in Air Magic
 11150 | D:9      | Reached skill level 10 in Conjurations
 11930 | D:9      | Reached skill level 11 in Conjurations
 12579 | D:9      | Noticed a naga warrior
 12585 | D:9      | Found an iron altar of Okawaru.
 12585 | D:9      | Found an iron altar of Okawaru.
 12589 | D:10     | Entered Level 10 of the Dungeon
 12760 | D:7      | Found a shattered altar of Ashenzari.
 12760 | D:7      | Found a white marble altar of Elyvilon.
 12762 | D:7      | Found a snail-covered altar of Cheibriados.
 12780 | D:7      | Became a worshipper of Ashenzari the Shackled
 12862 | D:10     | Found a staircase to the Orcish Mines.
 12867 | D:10     | the staircase to the Orcish Mines was a mimic.
 12986 | D:10     | Found Laurajoy's Food Shop.
 12986 | D:10     | Noticed a hill giant
 13002 | D:10     | Killed a hill giant
 13002 | D:10     | Reached skill level 12 in Conjurations
 13265 | D:10     | Reached XP level 11. HP: 65/74 MP: 14/21
 13431 | D:10     | Got the blowgun of Wyrd {evade, rElec Int-3}
 13701 | D:11     | Noticed a hill giant
 13715 | D:11     | Mangled by a hill giant

Action                   |  1- 3 |  4- 6 |  7- 9 | 10-12 || total
-------------------------+-------+-------+-------+-------++-------
Melee: Spear             |    92 |       |       |       ||    92
       Short sword       |     7 |    93 |   310 |   192 ||   602
       Scythe            |       |       |     7 |       ||     7
       War axe           |       |       |       |     3 ||     3
 Fire: Crossbow          |       |       |     5 |       ||     5
       Blowgun           |       |       |       |    19 ||    19
Throw: Dart              |       |     4 |       |       ||     4
 Cast: Magic Dart        |    35 |    25 |   145 |    56 ||   261
       Searing Ray       |     1 |     3 |    40 |    39 ||    83
       Dazzling Spray    |       |     5 |    17 |     6 ||    28
       Iskenderun's Myst |       |       |     9 |     2 ||    11
       Swiftness         |       |       |     5 |     2 ||     7
       Repel Missiles    |       |       |       |     1 ||     1
 Abil: Breathe Steam     |       |       |       |     2 ||     2
Evoke: Wand              |       |     1 |     8 |     1 ||    10
  Use: Scroll            |     4 |     7 |     8 |    10 ||    29
       Potion            |     1 |       |     2 |     2 ||     5
 Stab: Sleeping          |     1 |     2 |     4 |     1 ||     8
       Invisible         |       |     4 |     2 |       ||     6
